 Dungeon Crawl Stone Soup version 0.29-a0-296-gda187f2e07 (webtiles) character file.

Game seed: 11615342453729539520

12044 Gomgom the Arsonist (level 11, 0/94 HPs)
             Began as a Grey Draconian Fire Elementalist on Mar 19, 2022.
             Was a Priest of Makhleb.
             Slain by an orc warlord
             ... wielding a +0 broad axe
              (18 damage)
             ... in a bailey.
             The game lasted 02:02:57 (15642 turns).

Gomgom the Arsonist (DrFE)                         Turns: 15642, Time: 02:02:57

Health: 0/94       AC: 18    Str: 10    XL:     11   Next: 57%
Magic:  1/34       EV: 15    Int: 25    God:    Makhleb [***...]
Gold:   584        SH:  0    Dex: 16    Spells: 12/29 levels left

rFire   + . .      SeeInvis .   r - +0 short sword (drain)
rCold   + . .      Faith    .   (no shield)
rNeg    . . .      Spirit   .   (body armour unavailable)
rPois   .          Reflect  .   f - +3 hat of Pondering {ponderous, Will+ MP+10 Int+5}
rElec   .          Harm     .   U - +1 cloak
rCorr   .          Rampage  .   k - +0 pair of gloves
Will    ++...                   (no boots)
Stlth   +.........              (no amulet)
HPRegen 0.25/turn               S - ring of protection from fire
MPRegen 0.24/turn               y - ring of Xierrude {rC+ Will+ Dex+4 Stlth-}

@: slow
A: AC +12, amphibious, unfitting armour, cold-blooded
a: Renounce Religion, Minor Destruction, Lesser Servant of Makhleb


You were in a bailey.
You worshipped Makhleb.
Makhleb was most pleased with you.
You visited 2 branches of the dungeon, and saw 11 of its levels.
You also visited: Ossuary and Bailey.

You collected 584 gold pieces.

Inventory:

Hand Weapons
 r - a +0 short sword of draining (weapon)
 v - a +0 quarterstaff
 A - a +2 dagger of protection
 G - a +2 rapier of venom
 H - a +1 morningstar of protection
 J - a +1 whip of draining
 M - a +2 flail of protection
 V - a +0 hand crossbow
Missiles
 a - 5 silver javelins
 b - 99 stones
 z - 11 boomerangs
 P - 15 poisoned darts
Armour
 f - the +3 hat of Pondering (worn) {ponderous, Will+ MP+10 Int+5}
   (You took it off Gastronok on level 8 of the Dungeon)

   Int:       It affects your intelligence (+5).
   MP:        It affects your magic capacity (+10).
   Will:      It increases your willpower.
 k - a +0 pair of gloves (worn)
 o - a +1 hat
 U - a +1 cloak (worn)
Jewellery
 h - a ring of see invisible
 y - the ring of Xierrude (right hand) {rC+ Will+ Dex+4 Stlth-}
   (You acquired it on level 5 of the Dungeon)

   [ring of willpower]

   Dex:       It affects your dexterity (+4).
   rC:        It protects you from cold.
   Will:      It increases your willpower.
   Stlth:     It makes you less stealthy.
 S - a ring of protection from fire (left hand)
Wands
 s - a wand of iceblast (5)
 u - a wand of polymorph (24)
 w - a wand of mindburst (4)
 C - a wand of flame (11)
 T - a wand of paralysis (7)
Scrolls
 c - 2 scrolls of silence
 d - 4 scrolls of immolation {unknown}
 g - 2 scrolls of fear
 j - a scroll of brand weapon
 n - a scroll of torment {unknown}
 p - a scroll of blinking
 t - 2 scrolls of magic mapping
 B - 4 scrolls of summoning
 F - 8 scrolls of teleportation {unknown}
 K - 5 scrolls of enchant armour {unknown}
 N - 3 scrolls of enchant weapon {unknown}
 W - a scroll of identify
 X - a scroll of fog {unknown}
Potions
 e - 6 potions of curing
 i - a potion of might {unknown}
 l - 4 potions of haste {unknown}
 m - 2 potions of flight {unknown}
 q - 2 potions of degeneration {unknown}
 x - 3 potions of invisibility {unknown}
 D - a potion of brilliance {unknown}
 E - a potion of cancellation
 I - 3 potions of attraction {unknown}
 L - 3 potions of mutation {unknown}
 O - 2 potions of resistance {unknown}
 Q - 4 potions of heal wounds {unknown}
 R - 2 potions of ambrosia {unknown}


   Skills:
 * Level 8.1 Fighting
 + Level 5.9 Dodging
 - Level 1.7 Stealth
 + Level 9.6 Spellcasting
 + Level 5.2 Conjurations
 - Level 10.0 Fire Magic
 + Level 5.0 Earth Magic
 * Level 3.9 Invocations


You had 12 spell levels left.
You knew the following spells:

 Your Spells              Type           Power      Damage    Failure   Level
a - Foxfire               Conj/Fire      100%       2x1d9     1%          1
b - Scorch                Fire           100%       2d10      1%          2
c - Conjure Flame         Conj/Fire      50%        6-21      1%          3
d - Sandblast             Erth           74%        2d16      1%          1
e - Flame Wave            Conj/Fire      50%        2d10      2%          4
f - Sticky Flame          Conj/Fire      50%        2d7       2%          4
g - Passwall              Tmut/Erth      20%        N/A       2%          2

Your spell library contained the following spells:

 Spells                   Type           Power      Damage    Failure   Level
 Inner Flame              Hex/Fire       37%        N/A       1%          3
 Stone Arrow              Conj/Erth      74%        3d11      1%          3
 Static Discharge         Conj/Air       25%        N/A       2%          2
 Summon Small Mammal      Summ           48%        N/A       4%          1
 Blink                    Tloc           24%        N/A       8%          2
 Ensorcelled Hibernation  Hex/Ice        24%        N/A       8%          2
 Call Canine Familiar     Summ           12%        N/A       16%         3
 Confusing Touch          Hex            12%        N/A       16%         3
 Lesser Beckoning         Tloc           12%        N/A       16%         3
 Ozocubu's Armour         Ice            12%        N/A       16%         3
 Spider Form              Tmut/Pois      12%        N/A       16%         3
 Summon Guardian Golem    Hex/Summ       12%        N/A       16%         3
 Anguish                  Hex/Necr       6%         N/A       45%         4
 Dispel Undead            Necr           12%        3d9       45%         4
 Manifold Assault         Tloc           12%        N/A       80%         5
 Yara's Violent Unravell  Hex/Tmut       6%         3d5       80%         5
 Enfeeble                 Hex            6%         N/A       100%        7
 Ozocubu's Refrigeration  Ice            6%         4d6       100%        7


Dungeon Overview and Level Annotations

Branches:
Dungeon (10/15)            Temple (1/1) D:7            Lair (0/6) D:9
Ossuary (visited)          Bailey (1/1)
    Orc: D:9-12

Altars:
Ashenzari
Cheibriados
Dithmenos
Elyvilon
Fedhas
Gozag
Hepliaklqana
Kikubaaqudgha
Makhleb
Nemelex Xobeh
Okawaru
Qazlal
Ru
Sif Muna
Trog
Uskayaw
Vehumet
Wu Jian
Xom
Yredelemnul
Zin
The Shining One

Annotations:
D:4 Eustachio
D:9 3 runed translucent doors, paps's ghost, novice DsGl


Innate Abilities, Weirdness & Mutations

Your dull iron-grey scales are very hard. (AC +12)
You are amphibious.
You cannot fit into any form of body armour.
You are cold-blooded and may be slowed by cold attacks.


Message History

There is an open door, spattered with blood here.
The orc warlord attacks as you move away!
The orc warlord hits you with a +0 broad axe.
The orc warlord burns!
The orc warlord attacks as you move away!
The orc warlord hits you with a +0 broad axe!!
* * * LOW HITPOINT WARNING * * *
The orc warlord burns!
The orc warlord stops burning.
Casting: Sticky Flame (dangerous; 2% risk of failure)
Confirm with . or Enter, or press ? or * to list all spells.
Aiming: Sticky Flame (dangerous; 2% risk of failure)
Press: ? - help, Shift-Dir - straight line, f/p - orc warlord
Aim: an orc warlord, wielding a +0 broad axe and wearing a +0 plate armour (severely wounded, lightly drained, 100% to hit)
The sticky flame hits the orc warlord.
The orc warlord is severely wounded.
The orc warlord is covered in liquid flames!
The orc warlord burns!
The orc warlord completely misses you.
The orc warlord attacks as you move away!
The orc warlord hits you with a +0 broad axe.
* * * LOW HITPOINT WARNING * * *
The orc warlord burns!
Items here: )) [[ ÷÷.
You hit the orc warlord but do no damage.
You drain the orc warlord.
The orc warlord is almost dead.
The orc warlord burns!
The orc warlord hits you with a +0 broad axe!
* * * LOW HITPOINT WARNING * * *
You feel better.
The orc warlord burns!
The orc warlord closely misses you.
Casting: Sticky Flame (dangerous; 2% risk of failure)
Confirm with . or Enter, or press ? or * to list all spells.
Aiming: Sticky Flame (dangerous; 2% risk of failure)
Press: ? - help, Shift-Dir - straight line, f/p - orc warlord
Aim: an orc warlord, wielding a +0 broad axe and wearing a +0 plate armour (almost dead, covered in liquid flames, lightly drained, 100% to hit)
The sticky flame hits the orc warlord.
The orc warlord is almost dead.
The orc warlord is covered in liquid flames!
The orc warlord burns!
The orc warlord hits you with a +0 broad axe!!
You die...

#..8..8.............8..
#.......)..............
##......####...####....
♣##....##≈≈#####≈≈##...
♣.##..)#≈}!8...8!)≈#...
♣♣..###)#≈.........≈#'##
♣...≈≈≈.#≈..8...8..≈#)≈≈
♣♣...≈≈≈)##.........##†≈≈
♣∩...≈≈≈@#≈....∩....≈#.≈≈
♣...≈≈≈o#≈.........≈#.≈≈
♣...≈≈≈.#≈≈.8...8.≈≈#.≈≈
♣♣..###'###.......###'##
♣.##..).#≈.8...8.≈#....
♣##.....#≈≈≈≈≈≈≈≈≈#....
##......####≈≈≈####....
#...8......#'''#....).8
#........))........)...


You could see an orc warlord (burning, drained).

Vanquished Creatures
  Gastronok (D:8)
  A two-headed ogre (D:8)
  3 death yaks
  Maggie (D:8)
  An unseen horror (D:10)
  A hornet (D:9)
  Grinder (D:4)
  3 wyverns
  2 shadows
  16 yaks
  A steam dragon (D:7)
  Edmund (D:6)
  2 water moccasins
  Duvessa (D:5)
  An acid dragon (D:9)
  2 ice beasts (D:8)
  2 black bears
  6 orc warriors
  2 sky beasts
  2 ogres
  2 centaurs
  A phantom (D:6)
  An elf zombie (Ossuary)
  A kobold brigand (D:9)
  2 bullfrogs (D:7)
  A necrophage (D:8)
  A gnoll sergeant (D:9)
  2 scorpions (D:6)
  7 wights
  Dowan (D:5)
  9 killer bees
  A howler monkey (D:7)
  2 centaur zombies (Ossuary)
  3 human zombies (Ossuary)
  A jelly (D:4)
  Crazy Yiuf (D:5)
  2 hounds
  3 orc priests
  5 iguanas
  Ijyb (D:3)
  11 orc wizards
  A hell rat (D:9)
  3 mummies
  7 adders
  14 gnolls
  3 river rats (D:9)
  A white imp (D:6)
  4 adder zombies (Ossuary)
  2 worms (D:4)
  3 dart slugs
  36 orcs
  7 endoplasms
  3 giant cockroaches
  9 goblins
  11 hobgoblins
  5 jackals
  20 kobolds
  5 quokkas
  6 ball pythons
  3 bats (D:2)
  7 frilled lizards
  A goblin zombie (D:8)
  7 hobgoblin zombies (Ossuary)
  2 jackal zombies (Ossuary)
  8 kobold zombies
  11 orc zombies (Ossuary)
  8 rats
295 creatures vanquished.

Vanquished Creatures (collateral kills)
  A foxfire (D:2)
1 creature vanquished.

Vanquished Creatures (others)
  397 foxfires
  38 plants
435 creatures vanquished.

Grand Total: 731 creatures vanquished

Notes
Turn   | Place    | Note
-------+----------+-------------------------------------------
     0 | D:1      | Gomgom the Draconian Fire Elementalist began the quest for
                  | the Orb.
     0 | D:1      | Reached XP level 1. HP: 14/14 MP: 3/3
   245 | D:1      | Reached XP level 2. HP: 20/20 MP: 0/5
  1148 | D:1      | Learned a level 2 spell: Scorch
  1238 | D:2      | Reached skill level 4 in Fire Magic
  1574 | D:2      | Reached XP level 3. HP: 26/26 MP: 4/6
  2003 | D:2      | Identified the +1 leather armour of Yredelemnul's Favour
                  | {rN+ Will- Stlth+}
  2466 | D:3      | Noticed a black bear
  2482 | D:3      | Killed a black bear
  2483 | D:3      | Reached skill level 5 in Fire Magic
  2483 | D:3      | Reached XP level 4. HP: 7/34 MP: 2/7
  2483 | D:3      | Reached XP level 5. HP: 8/39 MP: 2/8
  3058 | D:3      | Noticed Ijyb
  3455 | D:3      | Killed Ijyb
  4225 | D:4      | Reached skill level 1 in Fighting
  4225 | D:4      | Reached XP level 6. HP: 43/47 MP: 5/9
  4470 | D:4      | Noticed Grinder
  4578 | D:4      | Reached skill level 6 in Fire Magic
  4979 | D:4      | Killed Grinder
  4980 | D:4      | Your scales start taking on a dull iron-grey colour.
  4980 | D:4      | Reached XP level 7. HP: 53/55 MP: 1/11
  5254 | D:4      | Noticed Eustachio
  5761 | D:5      | Entered Level 5 of the Dungeon
  5974 | D:5      | Found a runed translucent door.
  5975 | D:5      | Noticed Crazy Yiuf
  5980 | D:5      | Killed Crazy Yiuf
  6066 | D:5      | Noticed Duvessa
  6067 | D:5      | Noticed Dowan
  6081 | D:5      | Killed Duvessa
  6226 | D:5      | Killed Dowan
  6261 | D:5      | Reached skill level 7 in Fire Magic
  6279 | D:5      | Learned a level 3 spell: Conjure Flame
  6407 | D:5      | Learned a level 1 spell: Sandblast
  6868 | D:5      | Identified a scroll of acquirement
  6869 | D:5      | Acquired the ring of Xierrude {rC+ Will+ Dex+4 Stlth-}
  6938 | D:5      | Reached XP level 8. HP: 63/63 MP: 6/13
  7103 | D:5      | Learned a level 4 spell: Flame Wave
  7125 | D:6      | Reached skill level 1 in Earth Magic
  7752 | D:6      | Noticed Edmund
  7765 | D:6      | Reached skill level 8 in Fire Magic
  7791 | D:6      | Killed Edmund
  8168 | D:6      | Reached skill level 5 in Spellcasting
  8577 | D:6      | Reached XP level 9. HP: 71/71 MP: 12/16
  8681 | D:6      | Found a shadowy altar of Dithmenos.
  9162 | D:7      | Found a hazy altar of Hepliaklqana.
  9174 | D:7      | Found a staircase to the Ecumenical Temple.
  9190 | Temple   | Entered the Ecumenical Temple
  9293 | Temple   | Became a worshipper of Makhleb the Destroyer
  9377 | D:7      | Reached skill level 9 in Fire Magic
 10116 | D:7      | Reached skill level 5 in Fighting
 10478 | D:8      | Noticed Maggie
 10600 | D:8      | Killed Maggie
 10619 | D:8      | Found a sand-covered staircase.
 10709 | Ossuary  | Entered an ossuary
 10879 | Ossuary  | Reached * piety under Makhleb
 11433 | Ossuary  | Reached ** piety under Makhleb
 11560 | Ossuary  | Learned a level 4 spell: Sticky Flame
 11604 | D:8      | Reached XP level 10. HP: 82/83 MP: 16/20
 11775 | D:6      | Reached skill level 10 in Fire Magic
 12176 | D:8      | Noticed Gastronok
 12203 | D:8      | Killed Gastronok
 12444 | D:8      | Found a radiant altar of Vehumet.
 12445 | D:8      | Found a broken altar of Ashenzari.
 12445 | D:8      | Found a stormy altar of Qazlal.
 12494 | D:8      | Reached skill level 5 in Dodging
 12663 | D:8      | Found an iron altar of Okawaru.
 12848 | D:8      | Reached skill level 1 in Invocations
 13190 | D:9      | Found a sacrificial altar of Ru.
 13225 | D:9      | Noticed paps's ghost (novice DsGl)
 13246 | D:9      | Noticed a two-headed ogre
 13255 | D:8      | Killed a two-headed ogre
 13256 | D:8      | Reached XP level 11. HP: 55/92 MP: 23/23
 13443 | D:9      | Learned a level 2 spell: Passwall
 13516 | D:9      | Found a staircase to the Lair.
 13536 | D:9      | Noticed a death yak
 13536 | D:9      | Noticed a death yak
 13548 | D:9      | Noticed a death yak
 13565 | D:9      | Killed a death yak
 13586 | D:9      | HP: 2/92 [death yak (18)]
 13592 | D:8      | Killed a death yak
 13885 | D:8      | Killed a death yak
 14571 | D:9      | Found a glowing golden altar of the Shining One.
 14758 | D:9      | Found a runed translucent gate.
 14759 | D:9      | Found a runed translucent gate.
 14760 | D:9      | Found a runed translucent gate.
 14900 | D:10     | Entered Level 10 of the Dungeon
 14903 | D:10     | Reached *** piety under Makhleb
 15013 | D:10     | Reached skill level 5 in Conjurations
 15114 | D:10     | Found a flagged portal.
 15186 | Bailey   | Entered a bailey
 15191 | Bailey   | Noticed an orc warlord
 15308 | Bailey   | Reached skill level 5 in Earth Magic
 15440 | Bailey   | Found a runed translucent gate.
 15442 | Bailey   | Found a runed translucent gate.
 15472 | Bailey   | Found a runed translucent gate.
 15642 | Bailey   | Slain by an orc warlord

Illustrated notes

Levels and vault maps discovered:
D:1:      minmay_arrival_widening_spiral_wide, layout_basic, minmay_pentomino_s2
D:2:      layout_loops_cross, serial_bayou, serial_bayou_pond_d,
          serial_bayou_pond_e, serial_bayou_pond_a, serial_bayou_lagoon_a
D:3:      layout_basic, uniq_ijyb
D:4:      layout_basic, uniq_eustachio, uniq_grinder
D:5:      layout_gridville, uniq_duvessa, uniq_crazy_yiuf_cottage
D:6:      layout_loops_ring, nicolae_dithmenos_the_darkroom, uniq_edmund
D:7:      layout_rooms, nzn_hepliaklqana_mist_gate, minmay_temple_entry_statues,
          grunt_ministairs_14, minmay_shattered_shrine
D:8:      layout_loops_cross, grunt_temple_overflow_open,
          nicolae_ossuary_entry_giza, chequers_serial_rivers_marsh,
          corexii_corridor_pit, uniq_gastronok, uniq_maggie
D:9:      layout_basic, general_overflow_altar, tso_metal_star,
          dpeg_lair_monsters, gammafunk_ghost_split
D:10:     layout_cross, enter_bailey_8
Temple:   nicolae_temple_great_sept
Bailey:   bailey_axe_bossmonster_kennysheep, bailey

Skill      XL: |  1  2  3  4  5  6  7  8  9 10 11 |
---------------+----------------------------------+-----
Fire Magic     | 4 5 6 7 8 9 10 | 10.0
Dodging        | 2 3 4 5 |  5.9
Conjurations   | 2 3 4 5 |  5.2
Fighting       | 1 2 3 4 5 7 8 |  8.1
Spellcasting   | 3 5 6 8 9 |  9.6
Earth Magic    | 3 4 5 |  5.0
Invocations    | 1 3 |  3.9
Stealth        | |  1.7

Action                   |  1- 3 |  4- 6 |  7- 9 | 10-12 || total
-------------------------+-------+-------+-------+-------++-------
Melee: Club              |     6 |       |       |       ||     6
       Mace              |     2 |       |       |       ||     2
       Short sword       |       |    34 |   272 |    64 ||   370
       Tailslap          |       |     5 |    49 |    12 ||    66
       Punch             |       |       |     7 |       ||     7
 Cast: Foxfire           |    61 |    74 |    67 |    36 ||   238
       Scorch            |     5 |     9 |    95 |    25 ||   134
       Sandblast         |       |       |    14 |    28 ||    42
       Flame Wave        |       |       |     5 |    13 ||    18
       Sticky Flame      |       |       |       |    44 ||    44
       Passwall          |       |       |       |     1 ||     1
Evoke: Wand              |       |       |     1 |       ||     1
  Use: Scroll            |     3 |     1 |     6 |     1 ||    11
       Potion            |     1 |       |       |     2 ||     3
 Stab: Sleeping          |       |     1 |     1 |       ||     2
Armor: Skin              |    13 |    12 |   215 |   103 ||   343
Dodge: Dodged            |    34 |    35 |   293 |   132 ||   494

Table legend: (Time is in decaauts)
 A = Elapsed time spent in this place.
 B = Non-inter-level travel time spent in this place.
 C = Inter-level travel time spent in this place.
 D = Time resting spent in this place.
 E = Time spent auto-exploring this place.
 F = Levels seen in this place.
 G = Mean time per level.
                   A        B        C        D        E       F      G
               +--------+--------+--------+--------+--------+-----+--------+
         Total |  15906 |  15411 |    495 |   5904 |   1587 |  13 | 1223.5 |
       Dungeon |  14203 |  13708 |    495 |   5165 |   1555 |  10 | 1420.3 |
        Temple |    351 |    351 |      0 |    240 |     32 |   1 |  351.0 |
       Ossuary |    869 |    869 |      0 |    388 |      0 |   1 |  869.0 |
        Bailey |    482 |    482 |      0 |    111 |      0 |   1 |  482.0 |
               +--------+--------+--------+--------+--------+-----+--------+

Top non-repeatable levels by time:
     D:6: 2013 daAuts
     D:8: 1884 daAuts
     D:3: 1764 daAuts
     D:5: 1595 daAuts
     D:1: 1437 daAuts
     D:7: 1376 daAuts
     D:4: 1360 daAuts
     D:9: 1326 daAuts
     D:2: 1226 daAuts
 Ossuary: 869 daAuts
  Bailey: 482 daAuts
  Temple: 351 daAuts
    D:10: 219 daAuts
